 Dungeon Crawl Stone Soup version 0.30-a0-860-g512cf1e979 (webtiles) character file.

Game seed: 14441354820119757559

1194 cforsyth the Thaumaturge (level 8, -8/41 HPs)
             Began as a Deep Elf Earth Elementalist on Mar 7, 2023.
             Was a Follower of Vehumet.
             Mangled by a gnoll sergeant
             ... wielding a +3 trident of freezing
              (16 damage)
             ... on level 6 of the Dungeon.
             The game lasted 00:09:48 (5064 turns).

cforsyth the Thaumaturge (DEEE)                     Turns: 5064, Time: 00:09:49

Health: -8/41      AC:  3    Str:  5    XL:     8   Next: 20%
Magic:  31/32      EV: 12    Int: 23    God:    Vehumet [*.....]
Gold:   352        SH:  0    Dex: 15    Spells: 25/26 levels left

rFire   . . .      SeeInvis .    (no weapon)
rCold   . . .      Faith    .    (no shield)
rNeg    . . .      Spirit   .    a - +1 robe
rPois   .          Reflect  .    (no helmet)
rElec   .          Rampage  .    (no cloak)
rCorr   .                        (no gloves)
Will    +....                    (no boots)
Stlth   ++                       v - amulet of regeneration
HPRegen 1.06/turn                c - ring of magical power
MPRegen 0.23/turn                F - ring of willpower

@: no status effects
A: no striking features
a: Renounce Religion


You were on level 6 of the Dungeon.
You worshipped Vehumet.
Vehumet was aware of your devotion.
You visited 1 branch of the dungeon, and saw 6 of its levels.
You also visited: Sewer.

You collected 352 gold pieces.

Inventory:

Missiles
 G - a throwing net
Armour
 a - a +1 robe (worn)
Jewellery
 c - a ring of magical power (left hand)
 v - an amulet of regeneration (around neck)
 F - a ring of willpower (right hand)
Wands
 g - a wand of digging (9)
 w - a wand of mindburst (3)
Scrolls
 d - a scroll of vulnerability {unknown}
 e - a scroll of blinking {unknown}
 f - a scroll of silence {unknown}
 i - a scroll of teleportation
 p - 2 scrolls of enchant weapon {unknown}
 q - a scroll of fog {unknown}
 t - 2 scrolls of enchant armour
 u - 2 scrolls of immolation {unknown}
 y - 2 scrolls of fear {unknown}
 B - a scroll of noise {unknown}
 C - a scroll of identify
 D - a scroll of poison {unknown}
 E - a scroll of amnesia {unknown}
Potions
 b - 2 potions of magic
 h - 7 potions of curing
 j - 4 potions of lignification
 k - 3 potions of heal wounds
 l - 3 potions of brilliance
 m - a potion of haste {unknown}
 n - 2 potions of attraction
 o - a potion of flight {unknown}
 r - a potion of invisibility {unknown}
 s - a potion of cancellation {unknown}
 x - 2 potions of resistance {unknown}
 z - a potion of degeneration {unknown}
 A - a potion of might


   Skills:
 - Level 2.4 Dodging
 - Level 2.4 Stealth
 + Level 9.5 Spellcasting
 - Level 1.1 Transmutations
 + Level 8.3 Earth Magic


You had 25 spell levels left.
You knew the following spells:

 Your Spells              Type           Power      Damage    Failure   Level
a - Sandblast             Erth           98%        2d20      1%          1

Your spell library contained the following spells:

 Spells                   Type           Power      Damage    Failure   Level
 Shock                    Conj/Air       40%        1d5       6%          1
 Passwall                 Tmut/Erth      26%        N/A       1%          2
 Stone Arrow              Conj/Erth      60%        3d10      3%          3
 Petrify                  Tmut/Erth      32%        N/A       9%          4
 Leda's Liquefaction      Hex/Erth       15%        N/A       11%         4
 Call Canine Familiar     Summ           10%        N/A       19%         3
 Portal Projectile        Hex/Tloc       20%        N/A       19%         3


Dungeon Overview and Level Annotations

Branches:
Dungeon (6/15)             Temple (0/1) D:6           Sewer (visited)

Altars:
Elyvilon
Gozag
Kikubaaqudgha
Qazlal
Ru
Vehumet
Yredelemnul
Zin

Annotations:
D:2 1 runed translucent door, Crazy Yiuf


Message History

You climb downwards.
Found a scroll labelled NECHAIJ CAA and 6 gold pieces.
There is a stone staircase leading up here.
Found a stone staircase leading down.
y - 2 scrolls labelled NECHAIJ CAA (gained 1)
You now have 352 gold pieces (gained 6).
Found a glowing silver altar of Zin.
A gnoll is nearby!
A gnoll is nearby!
You can't see any susceptible monsters within range! (Use Z to cast anyway.)
The blast of sand hits the gnoll!!
You kill the gnoll!
Vehumet accepts your kill.
You feel your power returning.
Unknown command.
Found a great mace.
A gnoll is nearby!
The gnoll shouts!
You hear a shout!
You can't see any susceptible monsters within range! (Use Z to cast anyway.)
Found a book of Weapons.
The blast of sand hits the gnoll!
You kill the gnoll!
Vehumet accepts your kill.
The blast of sand hits the gnoll sergeant.
The gnoll sergeant is moderately wounded.
You see here a +0 club.
There is a stone staircase leading up here.
The gnoll sergeant blocks the blast of sand.
The gnoll sergeant barely misses you.
The gnoll hits you from afar with a +0 halberd!
The blast of sand hits the gnoll sergeant.
The gnoll sergeant is heavily wounded.
The gnoll sergeant hits you from afar with a +3 trident of freezing.
The gnoll sergeant freezes you. The gnoll completely misses you.
The gnoll sergeant hits you from afar with a +3 trident of freezing!
The gnoll sergeant freezes you.
* * * LOW HITPOINT WARNING * * *
The gnoll misses you.
The gnoll sergeant hits you from afar with a +3 trident of freezing!
You die...

##### #...# #...## . +...+.
. ######### ###...## #.
#......@### #.......
#.##.........#######.#...#.
#.........gg.............#.
#......................###.
..#......................
##
.>....................... #
............)............ #
###......................
..
.........................
..


You could see a gnoll sergeant and a gnoll.

Vanquished Creatures
  A water moccasin (D:5)
  An acid dragon (D:6)
  An ice beast (D:5)
  An ogre (D:6)
  A phantom (D:4)
  2 scorpions
  A howler monkey (D:5)
  A hound (D:4)
  3 jellies
  Jessica (D:3)
  A sleepcap (D:6)
  3 iguanas (D:5)
  An orc wizard (D:4)
  15 adders
  6 gnolls
  A river rat (Sewer)
  2 worms (D:2)
  4 dart slugs
  13 orcs
  5 bats
  3 endoplasms
  6 giant cockroaches
  7 goblins
  8 hobgoblins
  A kobold (D:2)
  A quokka (D:2)
  10 ball pythons
  6 frilled lizards
  9 rats
115 creatures vanquished.

Vanquished Creatures (collateral kills)
  A worm (D:4)
1 creature vanquished.

Grand Total: 116 creatures vanquished

Notes
Turn   | Place    | Note
-------+----------+-------------------------------------------
     0 | D:1      | cforsyth the Deep Elf Earth Elementalist began the quest
                  | for the Orb.
     0 | D:1      | Reached XP level 1. HP: 10/10 MP: 6/6
   107 | D:1      | Reached XP level 2. HP: 15/15 MP: 3/8
   473 | D:1      | Found a faded altar of an unknown god.
   744 | D:2      | Reached skill level 4 in Spellcasting
   744 | D:2      | Reached XP level 3. HP: 19/19 MP: 7/10
  1035 | D:2      | Reached XP level 4. HP: 24/24 MP: 5/12
  1141 | D:2      | Found a runed translucent door.
  1142 | D:2      | Noticed Crazy Yiuf
  1779 | D:3      | Reached skill level 5 in Spellcasting
  1922 | D:3      | Noticed Jessica
  1934 | D:3      | Killed Jessica
  1935 | D:3      | Reached skill level 5 in Earth Magic
  1935 | D:3      | Reached XP level 5. HP: 28/28 MP: 12/15
  1940 | D:3      | Identified the +1 robe of Polish {Harm Dex+3}
  2007 | D:3      | Identified the +1 short sword of the Mashing Seeker
                  | {freeze, Will+}
  2013 | D:3      | Found a stormy altar of Qazlal.
  2081 | D:3      | Found a radiant altar of Vehumet.
  2197 | D:3      | Became a worshipper of Vehumet
  2420 | D:4      | Noticed a phantom
  2425 | D:4      | Killed a phantom
  2426 | D:4      | Reached skill level 6 in Spellcasting
  2426 | D:4      | Reached XP level 6. HP: 32/32 MP: 17/17
  2723 | D:4      | Found a glowing drain.
  2736 | Sewer    | Entered a sewer
  2832 | Sewer    | Reached * piety under Vehumet
  2832 | Sewer    | Offered knowledge of Shock by Vehumet.
  2833 | Sewer    | Reached skill level 7 in Spellcasting
  3209 | D:4      | Found a sacrificial altar of Ru.
  3210 | D:4      | Found an ancient bone altar of Kikubaaqudgha.
  3211 | D:4      | Found a white marble altar of Elyvilon.
  3940 | D:5      | Entered Level 5 of the Dungeon
  4054 | D:5      | Reached XP level 7. HP: 36/36 MP: 20/20
  4135 | D:5      | Found a basalt altar of Yredelemnul.
  4136 | D:5      | Found an opulent altar of Gozag.
  4210 | D:5      | Reached skill level 8 in Spellcasting
  4724 | D:6      | Found a staircase to the Ecumenical Temple.
  4743 | D:6      | Reached skill level 9 in Spellcasting
  4743 | D:6      | Reached XP level 8. HP: 41/41 MP: 23/23
  5006 | D:6      | Found a glowing silver altar of Zin.
  5064 | D:6      | Mangled by a gnoll sergeant

Illustrated notes

Levels and vault maps discovered:
D:1:      ncdulo_lavacross, layout_rooms,
          dreamdust_ecumenical_altar_hidden_monk_grotto, dk_noncrumbling_3,
          chequers_garden
D:2:      layout_basic, uniq_crazy_yiuf_cottage
D:3:      layout_rooms, mainiacjoe_overflow_big_doors, uniq_jessica
D:4:      layout_layer_cave, chequers_temple_overflow_statue_of_worship,
          portal_sewer_entry_b
D:5:      layout_basic, gammafunk_temple_overflow_statue,
          kennysheep_small_square
D:6:      layout_basic, overflow_temple_1_default,
          minmay_temple_entry_junction_2

Skill      XL: |  1  2  3  4  5  6  7  8 |
---------------+-------------------------+-----
Spellcasting   | 4 5 6 7 9 |  9.5
Earth Magic    | 4 5 6 7 8 |  8.3
Dodging        | |  2.4
Stealth        | |  2.4
Transmutations | |  1.1

Action                     |  1- 3 |  4- 6 |  7- 9 || total
---------------------------+-------+-------+-------++-------
   Cast: Sandblast         |    44 |    91 |    49 ||   184
    Use: Scroll            |       |     8 |     1 ||     9
 Armour: Robe              |       |     4 |     1 ||     5
  Dodge: Dodged            |     8 |    17 |    11 ||    36

Table legend: (Time is in decaauts)
 A = Elapsed time spent in this place.
 B = Non-inter-level travel time spent in this place.
 C = Inter-level travel time spent in this place.
 D = Time resting spent in this place.
 E = Time spent auto-exploring this place.
 F = Levels seen in this place.
 G = Mean time per level.
                   A        B        C        D        E       F      G
               +--------+--------+--------+--------+--------+-----+--------+
         Total |   5209 |   5025 |    184 |      0 |   3902 |   7 |  744.1 |
       Dungeon |   4783 |   4599 |    184 |      0 |   3601 |   6 |  797.2 |
         Sewer |    425 |    425 |      0 |      0 |    300 |   1 |  425.0 |
               +--------+--------+--------+--------+--------+-----+--------+

Top non-repeatable levels by time:
     D:4: 1288 daAuts
     D:2: 1104 daAuts
     D:5: 753 daAuts
     D:1: 669 daAuts
     D:3: 605 daAuts
   Sewer: 425 daAuts
     D:6: 363 daAuts
